 Dungeon Crawl Stone Soup version 0.16-a0-1784-gf5591c9 (webtiles) character file.

20 timbw the Magician (level 2, -2/15 HPs)
             Began as a Tengu Earth Elementalist on Nov 1, 2014.
             Slain by a worker ant (3 damage)
             ... on level 4 of the Dungeon.
             The game lasted 00:02:46 (439 turns).

timbw the Magician (Tengu Earth Elementalist)        Turns: 439, Time: 00:02:48

Health: -2/15      AC:  2    Str:  8    XL:     2   Next: 79%
Magic:  2/7        EV: 12    Int: 15    God:
Gold:   3          SH:  0    Dex: 14    Spells: 1 memorised, 6 levels left

rFire  . . .     SeeInvis .     b - 26 stones
rCold  . . .     Clarity  .     c - +0 robe
rNeg   . . .     SustAb   .     (no shield)
rPois  .         Gourm    .     (helmet restricted)
rElec  .         Spirit   .     (no cloak)
rCorr  .         Warding  .     (no gloves)
rMut   .         Stasis   .     (boots unavailable)
MR     .....                    (no amulet)
Stlth  ++........               (no ring)
                                (no ring)

@: lethally poisoned, not resistant to hostile enchantments, unstealthy
A: beak, talons 3
a: no special abilities


You were on level 4 of the Dungeon.
You were not hungry.

You visited 1 branch of the dungeon, and saw 4 of its levels.

You collected 3 gold pieces.

Inventory:

Missiles
 b - 26 stones (in hand)
Armour
 c - a +0 robe (worn)
 n - a +0 leather armour
Scrolls
 e - a scroll of recharging {unknown}
 f - a scroll of teleportation {unknown}
 h - a scroll of fear {unknown}
 j - a scroll of blinking {unknown}
 l - a scroll of magic mapping {unknown}
Potions
 i - a potion of flight {unknown}
 k - a potion of magic {unknown}
Books
 d - a book of Geomancy

   Spells                             Type                      Level
   *Sandblast                         Earth                        1
   Stoneskin                          Transmutation/Earth          2
   Passwall                           Transmutation/Earth          3
   Stone Arrow                        Conjuration/Earth            3
   Petrify                            Transmutation/Earth          4
   Lee's Rapid Deconstruction         Earth                        5
 g - a book of the Sky

   Spells                             Type                      Level
   Flight                             Charms/Air                   3
   Airstrike                          Air                          4
   Silence                            Hexes/Air                    5
   Deflect Missiles                   Charms/Air                   6
   Conjure Ball Lightning             Conjuration/Air              6
   Tornado                            Air                          9
Comestibles
 a - 2 bread rations
 m - 3 chunks of flesh


   Skills:
 - Level 2.1 Dodging
 - Level 2.0 Stealth
 + Level 3.0 Spellcasting
   Level 0.7 Transmutations
 - Level 2.1 Earth Magic


You had 6 spell levels left.
You knew the following spells:

 Your Spells              Type           Power        Failure   Level  Hunger
a - Sandblast             Erth           #.....       12%         1    #......


Dungeon Overview and Level Annotations

Branches:
Dungeon (4/15)
 Temple: D:4-7

Altars:
Trog


Innate Abilities, Weirdness & Mutations

You have a beak for a mouth.
You have claws for feet.


Message History

The worker ant is moderately wounded.
The worker ant bites you.
Casting: Sandblast
Confirm with . or Enter, or press ? or * to list all spells.
Aiming: Sandblast
Press: ? - help, Shift-Dir - straight line, f/p - worker ant
Aim: a worker ant (moderately wounded)
The rocky blast misses the worker ant.
The worker ant bites you.
Casting: Sandblast
Confirm with . or Enter, or press ? or * to list all spells.
Aiming: Sandblast
Press: ? - help, Shift-Dir - straight line, f/p - worker ant
Aim: a worker ant (moderately wounded)
The rocky blast hits the worker ant.
The worker ant is moderately wounded.
The worker ant bites you!
* * * LOW HITPOINT WARNING * * *
You are lethally poisoned!
The worker ant poisons you! The worker ant bites you.
You die...

.......#.. ...##
......#.###...
##............#
#........##...#
#####...#....##...##
#...................
####.........##...#
#.####..............#
#...a@......#......<##
#######..########.##..
#...# #.....#.. ##..#
#.##+##.. ##.# # #.#
.. +.# .. ###


You could see a worker ant.

Vanquished Creatures
  A giant mite (D:3)
  A giant gecko (D:2)
  A giant cockroach (D:4)
  A goblin (D:4)
  A hobgoblin (D:3)
  A quokka (D:4)
  A ball python (D:2)
  A bat (D:1)
  2 giant newts (D:3)
  A kobold (D:3)
  2 rats (D:1)
13 creatures vanquished.

Notes
Turn   | Place    | Note
--------------------------------------------------------------
     0 | D:1      | timbw, the Tengu Earth Elementalist, began the quest for the Orb.
     0 | D:1      | Reached XP level 1. HP: 10/10 MP: 3/3
   147 | D:3      | Reached XP level 2. HP: 9/15 MP: 0/6
   197 | D:3      | Found a bloodstained altar of Trog.
   360 | D:4      | Reached skill level 3 in Spellcasting
   439 | D:4      | Slain by a worker ant

Action                   || total
-------------------------++-------
Melee: Unarmed           ||     8
 Cast: Sandblast         ||    30
